AoeStats
← donsimon93

Arena

510553342Analyzed
1v1 RM · 1d ago on Oct 1, 2026· 35m 30s· 2 players
Game mode
Random Map
Map size
Tiny (2 player)
Population
200
Speed
Normal
Resources
Standard
Victory
Conquest
Starting age
Dark Age
Ending age
Imperial Age
RankedLock teamsTeams togetherTeam positionsShared explorationLock speedFull tech treeHidden civsTurbo modeCheats
Victory
Defeat
🇦🇹 Britons · Austria
1017
+15
🇲🇽 Turks · Mexico
991
-39
Eliam22xd
7:03 Loom
9:04 Feudal Age
9:46 Double-Bit Axe
9:42 Horse Collar
17:40 Castle Age
15:54 Horse Collar
20:27 Man-at-Arms
23:25 Heavy Plow
24:43 Bow Saw
25:10 Bloodlines
30:35 Wheelbarrow
29:46 Town Watch
30:11 Long Swordsman
31:42 Husbandry
36:05 Imperial Age
33:56 Forging
33:46 Scale Mail Armor
33:51 Scale Barding Armor
34:57 Careening
donsimon93
4:21 Loom
10:03 Feudal Age
10:33 Double-Bit Axe
10:29 Horse Collar
17:24 Castle Age
15:36 Gold Mining
16:22 Padded Archer Armor
16:28 Fletching
18:59 Wheelbarrow
19:52 Squires
20:28 Stone Mining
21:13 Bow Saw
22:59 Crossbowman
32:09 Imperial Age
29:55 Hand Cart
29:26 Town Watch
29:58 Leather Archer Armor
29:19 Pikeman
31:10 Gold Shaft Mining
31:00 Ballistics
31:40 Yeomen
31:51 Scale Mail Armor
32:01 Forging
31:47 Bodkin Arrow
32:46 Arbalester
32:52 Halberdier
34:41 Fortified Wall
35:35 Chemistry
35:30 Iron Casting
35:10 Chain Mail Armor
36:29 Conscription
Connection lost

Rejoining the realm…

Still unreachable

The connection could not be restored.

Session expired

The server has moved on; the page needs a fresh start.